 Dungeon Crawl Stone Soup version 0.19.5 (webtiles) character file.

2419 JeffiDaFish the Shield-Bearer (level 9, -2/66 HPs)
             Began as a Gargoyle Fighter on Apr 5, 2017.
             Killed from afar by a gargoyle (24 damage)
             ... with a stone arrow
             ... on level 6 of the Dungeon.
             The game lasted 00:12:55 (5083 turns).

JeffiDaFish the Shield-Bearer (Gargoyle Fighter)    Turns: 5083, Time: 00:12:56

Health: -2/66      AC: 19    Str: 20    XL:     9   Next: 48%
Magic:  9/9        EV:  7    Int:  9    God:
Gold:   370        SH: 11    Dex: 13    Spells: 0 memorised, 8 levels left

rFire  . . .     SeeInvis .     g - +2 whip (elec)
rCold  . . .     Gourm    .     d - +0 chain mail
rNeg   + . .     Faith    .     c - +0 shield
rPois  ∞         Spirit   .     (no helmet)
rElec  +         Reflect  .     k - +0 cloak
rCorr  .         Harm     .     (no gloves)
MR     .....     Rnd*Rage +     e - +1 pair of boots
Stlth  ..........               (no amulet)
                                (no ring)
                                o - +3 ring of dexterity

@: no status effects
A: berserk 1, clumsy 1, negative energy resistance 1, regeneration 1, robust 2,
screaming 1, electricity resistance, unbreathing, petrification resistance, rot
immunity, MP-powered wands, AC +5
a: no special abilities


You were on level 6 of the Dungeon.
You were not hungry.

You visited 1 branch of the dungeon, and saw 6 of its levels.
You also visited: Sewer.

You collected 370 gold pieces.

Inventory:

Hand Weapons
 g - a +2 whip of electrocution (weapon)
Armour
 c - a +0 shield (worn)
 d - a +0 chain mail (worn)
 e - a +1 pair of boots (worn)
 k - a +0 cloak (worn)
Jewellery
 o - a +3 ring of dexterity (left hand)
Scrolls
 h - 5 scrolls of recharging
 j - 5 scrolls of identify
 q - a scroll of teleportation
 s - 5 scrolls of amnesia
Potions
 a - 2 potions of heal wounds
 b - a potion of cancellation
 l - 4 potions of curing
Comestibles
 f - 3 bread rations
 i - 4 meat rations
 m - a beef jerky
 n - 13 chunks of flesh


   Skills:
 + Level 5.9 Fighting
 + Level 7.2 Maces & Flails
 + Level 7.3 Armour
 + Level 2.4 Dodging
 + Level 1.0 Stealth
 + Level 7.5 Shields


You had 8 spell levels left.
You didn't know any spells.

Dungeon Overview and Level Annotations

Branches:
Dungeon (6/15)
 Temple: D:4-7

Altars:
Hepliaklqana
Uskayaw
Vehumet


Innate Abilities, Weirdness & Mutations

You are resistant to torment.
Your stone body is resilient. (AC +5)
You are immune to poison.
You resist negative energy. (rN+)
You are resistant to electric shocks. (rElec)
You can survive without breathing.
You are immune to petrification.
You are immune to rotting.
You tend to lose your temper in combat.
You are clumsy. (Dex -2)
Your natural rate of healing is unusually fast.
You are very robust. (+20% HP)
You occasionally shout uncontrollably at your foes.
You expend magic power (3 MP) to strengthen your wands.


Message History

You hit the gargoyle.
The gargoyle is severely damaged.
Your chain mail prevents you from hitting the gargoyle.
The gargoyle is severely damaged.
The gargoyle hurls a stone arrow at you.
You block the stone arrow.
You hit the gargoyle but do no damage.
The gargoyle is severely damaged.
The gargoyle hurls a stone arrow at you.
The stone arrow hits you!
Your shield and chain mail prevent you from hitting the gargoyle.
The gargoyle is severely damaged.
The gargoyle hits you with a morningstar.
You completely miss the gargoyle.
The gargoyle is severely damaged.
You hit the gargoyle but do no damage.
The gargoyle is severely damaged.
The gargoyle hurls a stone arrow at you.
The stone arrow hits you!
You die...

.....(.####.......#.## #.##.#
..................##.###.##.#####
.......####.......###....##......
.................## ##.####..####
.......######...## #.## #..#
.......# ##### ### #..# .......#
#% #..# ## .......# #%%### ##.#
#. .......# ###.9@##+## #.# #.
.......# ##.####....# #.# #.
##.##..# #.).##.....# #.# #.
##.###.# #.#))......# #.# #.
.......# #.##..##...#######.###.
.#.########.##### ..##.......)...
............## #######.#######.
..##########.# #.# #.#######. ..#
#.# #.# #(........


You could see a gargoyle.

Vanquished Creatures
  A water moccasin (D:4)
  An orc warrior (D:6)
  2 ice beasts (D:6)
  A sky beast (D:6)
  Purgy (Sewer)
  A phantom (D:4)
  4 ogres
  A centaur (D:5)
  The ghost of Cesar21 the Magician, an amateur DsWz (D:3)
  3 bullfrogs (D:6)
  4 scorpions
  An electric eel (D:6)
  5 crimson imps
  2 hounds
  A jelly (D:6)
  2 orc priests
  3 bullfrog skeletons
  2 iguanas
  A statue (D:5)
  13 gnolls
  11 adders
  A shadow imp (D:5)
  A white imp (D:4)
  An ooze (D:5)
  An adder skeleton (D:4)
  An adder zombie (D:6)
  3 worms
  4 dart slugs
  6 leopard geckos
  19 orcs
  A ball python (D:1)
  8 bats
  6 giant cockroaches
  5 goblins
  5 hobgoblins
  5 jackals (D:3)
  2 quokkas
  5 frilled lizards
  5 kobolds
  4 rats
144 creatures vanquished.

Vanquished Creatures (others)
  An adder skeleton (D:6)
  A ball python (D:6)
  A plant (D:6)
3 creatures vanquished.

Grand Total: 147 creatures vanquished

Notes
Turn   | Place    | Note
-------+----------+-------------------------------------------
     0 | D:1      | JeffiDaFish the Gargoyle Fighter began the quest for the Orb.
     0 | D:1      | Reached XP level 1. HP: 14/14 MP: 1/1
    71 | D:1      | Reached XP level 2. HP: 17/19 MP: 2/2
   331 | D:1      | Reached XP level 3. HP: 23/23 MP: 3/3
   880 | D:2      | Found a hide-covered altar of Uskayaw.
  1038 | D:3      | Found a glowing drain.
  1059 | D:3      | Reached XP level 4. HP: 21/29 MP: 4/4
  1080 | D:3      | Reached skill level 1 in Dodging
  1097 | Sewer    | Entered a sewer
  1305 | Sewer    | Noticed Purgy
  1313 | Sewer    | Killed Purgy
  1313 | Sewer    | Reached XP level 5. HP: 31/33 MP: 5/5
  1403 | D:3      | Noticed Cesar21's ghost (amateur DsWz)
  1411 | D:3      | Killed Cesar21's ghost
  1411 | D:3      | Reached XP level 6. HP: 38/38 MP: 6/6
  1462 | D:3      | Found a hazy altar of Hepliaklqana.
  1705 | D:3      | Found a faded altar of an unknown god.
  2261 | D:4      | Noticed a water moccasin
  2268 | D:4      | Killed a water moccasin
  2268 | D:4      | Reached skill level 5 in Shields
  2268 | D:4      | Reached XP level 7. HP: 43/43 MP: 7/7
  2297 | D:4      | Identified the +6 halberd "Beetleslayer" {freeze, rC+ Int+2 SInv} (You found it on level 4 of the Dungeon)
  2338 | D:4      | Reached skill level 5 in Armour
  2709 | D:4      | Reached skill level 5 in Maces & Flails
  3141 | D:4      | Gained mutation: You expend magic power (3 MP) to strengthen your wands. [potion of mutation]
  3141 | D:4      | Gained mutation: You are clumsy. (Dex -2) [potion of mutation]
  3141 | D:4      | Gained mutation: You are robust. (+10% HP) [potion of mutation]
  3177 | D:4      | Gained mutation: Your natural rate of healing is unusually fast. [potion of mutation]
  3177 | D:4      | Gained mutation: You are very robust. (+20% HP) [potion of mutation]
  3177 | D:4      | Gained mutation: You occasionally shout uncontrollably at your foes. [potion of mutation]
  3178 | D:4      | Gained mutation: You tend to lose your temper in combat. [potion of mutation]
  3237 | D:4      | Reached XP level 8. HP: 55/57 MP: 8/8
  3414 | D:4      | Reached skill level 1 in Stealth
  3526 | D:5      | Entered Level 5 of the Dungeon
  3731 | D:5      | Found a radiant altar of Vehumet.
  4401 | D:6      | Reached skill level 5 in Fighting
  4514 | D:6      | Reached XP level 9. HP: 64/64 MP: 9/9
  5046 | D:6      | Noticed a gargoyle
  5083 | D:6      | Killed from afar by a gargoyle

Skill      XL: |  1  2  3  4  5  6  7  8  9 |
---------------+----------------------------+-----
Armour         | 4 5 6 7 |  7.3
Maces & Flails | 3 4 5 6 7 |  7.2
Dodging        | 1 2 |  2.4
Shields        | 4 5 6 7 |  7.5
Fighting       | 4 5 |  5.9
Stealth        | 1 |  1.0

Action                   |  1- 3 |  4- 6 |  7- 9 || total
-------------------------+-------+-------+-------++-------
Melee: Flail             |    74 |       |       ||    74
       Whip              |    35 |   152 |   408 ||   595
  Use: Scroll            |     6 |     4 |     5 ||    15
       Potion            |     4 |     4 |     5 ||    13
  Eat: Chunk             |     1 |     4 |     9 ||    14
Armor: Scale mail        |    51 |    47 |       ||    98
       Chain mail        |       |    57 |   211 ||   268
Dodge: Dodged            |    34 |    46 |    86 ||   166
Block: Shield            |    52 |    96 |   170 ||   318
